 Dungeon Crawl Stone Soup version 0.28-a0-1339-ga5422284a4 (webtiles) character file.

Game seed: 15793300210282762167

63 oldriver the Caller (level 3, -3/15 HPs)
             Began as a Felid Summoner on Dec 28, 2021.
             Killed from afar by Natasha (6 damage)
             ... with a magic dart
             ... on level 2 of the Dungeon.
             The game lasted 00:03:38 (2316 turns).

oldriver the Caller (Felid Summoner)                Turns: 2316, Time: 00:03:38

Health: -3/15      AC:  1    Str:  4    XL:     3   Next: 89%
Magic:  2/8        EV: 17    Int: 18    God:
Gold:   113        SH:  0    Dex: 16    Spells: 4/7 levels left
                                        Lives:  0   Deaths: 0

rFire   . . .      SeeInvis +   (weapon unavailable)
rCold   . . .      Faith    .   (shield unavailable)
rNeg    . . .      Spirit   .   (armour unavailable)
rPois   .          Reflect  .   (helmet unavailable)
rElec   .          Harm     .   (cloak unavailable)
rCorr   .          Rampage  .   (gloves unavailable)
Will    .....                   (boots unavailable)
Stlth   ++........              (no amulet)
HPRegen 0.05/turn               (no ring)
MPRegen 0.11/turn               (no ring)

@: quick
A: very small, claws 1, fangs 3, see invisible, speed 1, shaggy fur 1, stealthy
paws, no weapons or thrown items, no armour, multi-lived
a: no special abilities


You were on level 2 of the Dungeon.
You visited 1 branch of the dungeon, and saw 2 of its levels.

You collected 113 gold pieces.

Inventory:

Jewellery
 a - an amulet of guardian spirit
Scrolls
 b - 3 scrolls of identify {unknown}
 d - a scroll of immolation {unknown}
Potions
 c - a potion of attraction {unknown}
 e - a potion of lignification {unknown}
 f - 2 potions of magic {unknown}


   Skills:
 * Level 0.9 Fighting
 + Level 2.8 Dodging
 + Level 2.7 Stealth
 + Level 0.1 Unarmed Combat
 * Level 2.9 Spellcasting
 + Level 4.7 Summonings


You had 4 spell levels left.
You knew the following spells:

 Your Spells              Type           Power      Damage    Failure   Level
a - Summon Small Mammal   Summ           76%        N/A       2%          1
b - Call Imp              Summ           19%        N/A       3%          2

Your spell library contained the following spells:

 Spells                   Type           Power      Damage    Failure   Level
 Call Canine Familiar     Summ           19%        N/A       7%          3
 Summon Guardian Golem    Hex/Summ       11%        N/A       19%         3
 Summon Lightning Spire   Summ/Air       11%        N/A       52%         4


Dungeon Overview and Level Annotations

Branches:
Dungeon (2/15)

Altars:

Annotations:
D:2 Natasha


Innate Abilities, Weirdness & Mutations

You have sharp claws.
You have razor-sharp teeth.
You have supernaturally acute eyesight. (SInv)
You cover ground quickly. (Speed+)
You are covered in fur. (AC +1)
Your paws help you pounce on unaware monsters.
You are incapable of wielding weapons or throwing items.
You cannot wear armour.
You gain extra lives every three experience levels.


Message History

Your magical contamination has completely faded away.
Your iron imp closely misses Natasha.
Natasha claws your iron imp but does no damage.
Your iron imp hits Natasha.
Natasha claws your iron imp.
Natasha claws your iron imp but does no damage.
Your iron imp barely misses Natasha.
Natasha barely misses your iron imp.
Your iron imp closely misses Natasha.
Natasha claws your iron imp.
Your iron imp dies!
Your iron imp disappears in a puff of smoke!
Natasha casts a spell at you. You resist with some effort.
Natasha casts a spell at you. The magic dart hits you!
Natasha growls.
You swap places.
Something barely misses your quokka. Natasha misses you.
Natasha hisses.
Your quokka bites Natasha but does no damage.
Your quokka disappears in a puff of smoke!
Natasha mumbles some strange words.
You feel disoriented. Natasha misses you.
Your bat completely misses Natasha.
Your quokka bites Natasha but does no damage.
Natasha stares at you and mumbles some strange words.
The magic dart hits you.
* * * LOW HITPOINT WARNING * * *
Your bat hits Natasha but does no damage.
Your quokka bites Natasha but does no damage.
You are too injured to fight recklessly!
Your bat closely misses Natasha.
Your bat barely misses Natasha.
Your bat closely misses Natasha.
Natasha mumbles some strange words.
Natasha glows brightly for a moment.
Your bat misses Natasha.
Natasha stares at you and mumbles some strange words.
The magic dart hits you.
You die...

## ###### .#####....#
....##....# ..#.......#
.r###.....###########
...#.......rbh......###
.....#....####..@.....#
.....#....####..........
..#.....................
..##.###..####.......##.
..##.###....##.......#
..##.#....#.##.......#
..........#..........#
...)#.....# ##.......#
#...#####.# #.......#


You could see Natasha (ally target), a friendly quokka (summoned) and a friendly
bat (summoned).

Vanquished Creatures
  3 bats (D:1)
  A hobgoblin (D:1)
  3 kobolds (D:1)
  3 rats (D:1)
10 creatures vanquished.

Vanquished Creatures (collateral kills)
  2 adders (D:2)
  2 dart slugs
  A bat (D:1)
  5 endoplasms
  6 goblins
  A hobgoblin (D:1)
  A quokka (D:1)
  3 ball pythons
  A frilled lizard (D:1)
  3 kobolds
  4 rats
29 creatures vanquished.

Grand Total: 39 creatures vanquished

Notes
Turn   | Place    | Note
-------+----------+-------------------------------------------
     0 | D:1      | oldriver the Felid Summoner began the quest for the Orb.
     0 | D:1      | Reached XP level 1. HP: 7/7 MP: 4/4
   250 | D:1      | Reached XP level 2. HP: 5/11 MP: 1/6
  1066 | D:1      | Reached XP level 3. HP: 8/15 MP: 7/7
  1688 | D:2      | Noticed Natasha
  1704 | D:1      | Learned a level 2 spell: Call Imp
  2316 | D:2      | Killed from afar by Natasha

Illustrated notes

Levels and vault maps discovered:
D:1:      dpeg_arrival_tiny_f, layout_loops_ring
D:2:      layout_rooms, uniq_natasha

Action                   || total
-------------------------++-------
Melee: Unarmed           ||    43
       Bite              ||     2
 Cast: Summon Small Mamm ||    74
       Call Imp          ||     6
 Stab: Distracted        ||     1
       Sleeping          ||     2
Armor: Skin              ||     6
Dodge: Dodged            ||    60

Table legend: (Time is in decaauts)
 A = Elapsed time spent in this place.
 B = Non-inter-level travel time spent in this place.
 C = Inter-level travel time spent in this place.
 D = Time resting spent in this place.
 E = Time spent auto-exploring this place.
 F = Levels seen in this place.
 G = Mean time per level.
                   A        B        C        D        E       F      G
               +--------+--------+--------+--------+--------+-----+--------+
         Total |   2127 |   2108 |     19 |    378 |   1237 |   2 | 1063.5 |
       Dungeon |   2127 |   2108 |     19 |    378 |   1237 |   2 | 1063.5 |
               +--------+--------+--------+--------+--------+-----+--------+

Top non-repeatable levels by time:
     D:1: 1583 daAuts
     D:2: 544 daAuts
